 Dungeon Crawl Stone Soup version 0.21.1-1-g345015f (webtiles) character file.

190 tidbits the Grave Robber (level 5, 27/37 HPs)
             Began as a Gnoll Necromancer on June 26, 2018.
             Was an Initiate of Cheibriados.
             Quit the game on level 7 of the Dungeon.
             The game lasted 00:05:33 (636 turns).

tidbits the Grave Robber (Gnoll Necromancer)         Turns: 636, Time: 00:05:33

Health: 27/37      AC:  2    Str: 12    XL:     5   Next: 69%
Magic:  1/12       EV: 14    Int: 19    God:    Cheibriados [......]
Gold:   57         SH:  4    Dex: 16    Spells: 1/14 levels left

rFire    . . .     SeeInvis .   m - +0 long sword
rCold    + . .     Gourm    .   D - +0 buckler {rPois}
rNeg     . . .     Faith    .   f - +0 robe
rPois    +         Spirit   .   (no helmet)
rElec    .         Reflect  .   (no cloak)
rCorr    .         Harm     .   (no gloves)
MR       .....                  (no boots)
Stlth    +++.......             (no amulet)
HPRegen  0.12/turn              g - ring of protection from cold
MPRegen  0.13/turn              (no ring)

@: quite poisoned (27 -> 12), very slightly contaminated, slow
A: distributed training, fangs 1, strong nose
a: Bend Time, Renounce Religion


You were on level 7 of the Dungeon.
You worshipped Cheibriados.
Cheibriados was noncommittal.
You were not hungry.

You visited 2 branches of the dungeon, and saw 8 of its levels.

You collected 57 gold pieces.

Inventory:

Hand Weapons
 a - a +0 short sword
 h - a +0 club
 m - a +0 long sword (weapon)
Missiles
 d - 22 arrows
 i - 26 stones (quivered)
Armour
 f - a +0 robe (worn)
 n - a +0 ring mail
 D - a +0 buckler of poison resistance (worn)
   (You found it on level 4 of the Dungeon)
Jewellery
 g - a ring of protection from cold (left hand)
   (You found it on level 1 of the Dungeon)
Scrolls
 k - a scroll of remove curse
Potions
 l - a potion of haste
Books
 b - a book of Necromancy

   Spells                             Type                      Level
   a - Pain                           Necromancy                   1
   b - Animate Skeleton               Necromancy                   1
   c - Vampiric Draining              Necromancy                   3
   d - Regeneration                   Charms/Necromancy            3
   e - Animate Dead                   Necromancy                   4
   f - Borgnjor's Vile Clutch         Necromancy/Earth             5
Comestibles
 c - 2 rations


   Skills:
 + Level 1.5 Fighting
 + Level 1.5 Short Blades
 + Level 1.5 Long Blades
 + Level 1.5 Axes
 + Level 1.5 Maces & Flails
 + Level 1.5 Polearms
 + Level 1.5 Staves
 + Level 1.5 Slings
 + Level 1.5 Bows
 + Level 1.5 Crossbows
 + Level 1.5 Throwing
 + Level 1.5 Armour
 + Level 4.8 Dodging
 + Level 4.4 Stealth
 + Level 1.5 Shields
 + Level 1.5 Unarmed Combat
 + Level 5.2 Spellcasting
 + Level 1.2 Conjurations
 + Level 1.2 Hexes
 + Level 1.2 Charms
 + Level 1.2 Summonings
 + Level 7.2 Necromancy
 + Level 1.2 Translocations
 + Level 1.2 Transmutations
 + Level 1.2 Fire Magic
 + Level 1.2 Ice Magic
 + Level 1.2 Air Magic
 + Level 1.2 Earth Magic
 + Level 1.2 Poison Magic
 + Level 1.7 Invocations
 + Level 1.5 Evocations


You had one spell level left.
You knew the following spells:

 Your Spells              Type           Power        Failure   Level  Hunger
a - Pain                  Necr           ####         1%          1    None
d - Vampiric Draining     Necr           ####......   2%          3    ##.....
n - Animate Skeleton      Necr           N/A          1%          1    None
r - Regeneration          Chrm/Necr      ###.......   9%          3    ##.....
v - Borgnjor's Vile Clut  Necr/Erth      ###.......   63%         5    ######.


Dungeon Overview and Level Annotations

Branches:
Dungeon (7/15)             Temple (1/1) D:4

Altars:
Cheibriados
Dithmenos
Nemelex Xobeh
Okawaru
Ru
Sif Muna
Vehumet
Xom
Yredelemnul
The Shining One

Shops:
D:5 =

Annotations:
D:5 Dowan, Duvessa


Innate Abilities, Weirdness & Mutations

Your experience applies equally to all skills.
You have very sharp teeth.
Your uncanny sense of smell can sniff out nearby items.


Message History

Found a robe.
Found 13 stones.
You see here a robe.
Found 21 stones.
As you read the scroll labeled GYHECH YGAOCAAXKU, it crumbles to dust.
It is a scroll of identify.
k - a scroll of remove curse
As you read the scroll labeled XOESHI UMYVIATH, it crumbles to dust.
The air around you briefly surges with heat, but it dissipates.
It was a scroll of immolation.
As you read the scroll of identify, it crumbles to dust.
l - a potion of haste
Found a stone staircase leading down.
An orc warrior comes into view.
It is wielding a dire flail. 2 orc wizards come into view.
There is a stone staircase leading down here.
Unknown command.
You climb downwards. 2 orcs and an orc wizard come into view.
The orc wizard is wielding a dagger of venom.
The orc shouts!
There is a stone staircase leading up here.
Unknown command.
Casting: Regeneration
Confirm with . or Enter, or press ? or * to list all spells.
Your skin crawls.
The orc wizard shouts!
Unknown command.
You block the orc's attack.
Unknown command.
You closely miss the orc. The orc hits you.
Casting: Regeneration
Confirm with . or Enter, or press ? or * to list all spells.
The spell is very dangerous to cast!
Continue anyway?
Aiming: Borgnjor's Vile Clutch
Press: ? - help, Dir - move target cursor, f - orc wizard
Aim: an orc wizard, wielding a dagger of venom and wearing a robe You miscast Borgnjor's Vile Clutch.
You are very lightly contaminated with residual magic.
You feel momentarily lethargic.
You closely miss the orc wizard. The orc misses you.
The orc wizard hits you with a dagger of venom.
The orc barely misses you. The orc misses you.
You riposte.
You slash the orc!
You kill the orc!
Cheibriados appreciates the change of pace.
The orc wizard barely misses you.
You hit the orc wizard.
You bite the orc wizard, but do no damage.
The orc wizard is lightly wounded.
Your skin is crawling a little less now.
You block the orc's attack.
The orc wizard gestures at you while chanting.
You are confused.
The orc misses you.
An orc warrior comes into view. It is wielding a flail.
The orc wizard hits you but does no damage.
You barely miss the orc.
The orc wizard hits you with a dagger of venom.
The orc hits you. The orc wizard barely misses you. x2
You miss the orc. The orc misses you.
The orc wizard hits you but does no damage.
The orc completely misses you.
You feel less confused.
Your skin stops crawling.
You hit the orc but do no damage.
The orc wizard hits you with a dagger of venom.
You are poisoned.
The orc barely misses you. You block the orc wizard's attack.
The orc hits you but does no damage.
You hit the orc wizard.
The orc wizard is moderately wounded.
You feel sick.
The orc wizard hits you but does no damage.
The orc warrior completely misses you.
You riposte.
You hit the orc warrior.
You bite the orc warrior, but do no damage.
The orc warrior is lightly wounded.
The orc closely misses you.
Okay, then.
Casting: Borgnjor's Vile Clutch
Confirm with . or Enter, or press ? or * to list all spells.
The spell is very dangerous to cast!
Continue anyway?
Aiming: Borgnjor's Vile Clutch
Press: ? - help, Dir - move target cursor, f/p - orc wizard
Aim: an orc wizard, wielding a dagger of venom and wearing a robe (moderately wounded)
You miscast Borgnjor's Vile Clutch.
Sand pours from your hands.
The orc wizard hits you with a dagger of venom.
You are more poisoned.
You block the orc's attack. The orc warrior barely misses you.
You riposte.
You barely miss the orc warrior.
The orc warrior is lightly wounded.
You barely miss the orc wizard. Your bite misses the orc wizard.
The orc wizard is moderately wounded.
You feel sick. The orc wizard closely misses you. The orc closely misses you.
You riposte.
You hit the orc.
The orc is heavily wounded.
The orc warrior misses you. You block the orc wizard's attack.
An orc comes into view. It is wielding a short sword.
Are you sure you want to abandon this character and quit the game? (Confirm with "yes".)

∆ ####### ###
##.....#....
##...........
#...o........
#<[.o@.......
#...o........
#...............
..o..............
.................
.#.###...........
#. ##.......... ∆
# ######.#.##


You could see an orc warrior, an orc wizard and 2 orcs.

Vanquished Creatures
  An ogre (D:4)
  A centaur skeleton (D:5)
  An iguana (D:6)
  A hound zombie (D:6)
  An ooze (D:1)
  3 leopard geckos (D:1)
  3 orcs
  4 goblins (D:1)
  6 kobolds (D:1)
  5 bats
  A frilled lizard (D:1)
  A rat (D:1)
28 creatures vanquished.

Notes
Turn   | Place    | Note
-------+----------+-------------------------------------------
     0 | D:1      | tidbits the Gnoll Necromancer began the quest for the Orb.
     0 | D:1      | Reached XP level 1. HP: 13/13 MP: 6/6
    61 | D:1      | Reached XP level 2. HP: 10/19 MP: 1/7
   194 | D:1      | Reached XP level 3. HP: 5/25 MP: 0/9
   197 | D:1      | Learned a level 1 spell: Animate Skeleton
   201 | D:1      | Learned a level 3 spell: Vampiric Draining
   205 | D:1      | Learned a level 3 spell: Regeneration
   237 | D:1      | Reached skill level 5 in Spellcasting
   275 | D:2      | Found a shadowy altar of Dithmenos.
   307 | D:5      | Entered Level 5 of the Dungeon
   307 | D:5      | Found Kixelewk's Jewellery Shop.
   307 | D:5      | Noticed Duvessa
   307 | D:5      | Noticed Dowan
   307 | D:5      | Noticed a scorpion
   418 | D:4      | Found a staircase to the Ecumenical Temple.
   418 | D:4      | Noticed an ogre
   428 | D:4      | Killed an ogre
   428 | D:4      | Reached skill level 1 in Fighting
   428 | D:4      | Reached skill level 1 in Short Blades
   428 | D:4      | Reached skill level 1 in Long Blades
   428 | D:4      | Reached skill level 1 in Axes
   428 | D:4      | Reached skill level 1 in Maces & Flails
   428 | D:4      | Reached skill level 1 in Polearms
   428 | D:4      | Reached skill level 1 in Staves
   428 | D:4      | Reached skill level 1 in Slings
   428 | D:4      | Reached skill level 1 in Bows
   428 | D:4      | Reached skill level 1 in Crossbows
   428 | D:4      | Reached skill level 1 in Throwing
   428 | D:4      | Reached skill level 1 in Armour
   428 | D:4      | Reached skill level 1 in Shields
   428 | D:4      | Reached skill level 1 in Unarmed Combat
   428 | D:4      | Reached skill level 1 in Conjurations
   428 | D:4      | Reached skill level 1 in Hexes
   428 | D:4      | Reached skill level 1 in Charms
   428 | D:4      | Reached skill level 1 in Summonings
   428 | D:4      | Reached skill level 1 in Translocations
   428 | D:4      | Reached skill level 1 in Transmutations
   428 | D:4      | Reached skill level 1 in Fire Magic
   428 | D:4      | Reached skill level 1 in Ice Magic
   428 | D:4      | Reached skill level 1 in Air Magic
   428 | D:4      | Reached skill level 1 in Earth Magic
   428 | D:4      | Reached skill level 1 in Poison Magic
   428 | D:4      | Reached skill level 1 in Invocations
   428 | D:4      | Reached skill level 1 in Evocations
   428 | D:4      | Reached XP level 4. HP: 25/32 MP: 0/11
   428 | D:4      | Reached XP level 5. HP: 29/37 MP: 0/12
   435 | Temple   | Entered the Ecumenical Temple
   446 | Temple   | Became a worshipper of Cheibriados the Contemplative
   462 | Temple   | Learned a level 5 spell: Borgnjor's Vile Clutch
   514 | D:6      | Found an iron altar of Okawaru.
   617 | D:6      | Noticed an orc warrior
   627 | D:7      | Noticed an orc warrior
   636 | D:7      | Quit the game

Skill      XL: |  1  2  3 |
---------------+----------+-----
Spellcasting   | 5 |  5.2
Fighting       | 1 |  1.5
Short Blades   | 1 |  1.5
Long Blades    | 1 |  1.5
Axes           | 1 |  1.5
Maces & Flails | 1 |  1.5
Polearms       | 1 |  1.5
Staves         | 1 |  1.5
Slings         | 1 |  1.5
Bows           | 1 |  1.5
Crossbows      | 1 |  1.5
Throwing       | 1 |  1.5
Armour         | 1 |  1.5
Shields        | 1 |  1.5
Unarmed Combat | 1 |  1.5
Conjurations   | 1 |  1.2
Hexes          | 1 |  1.2
Charms         | 1 |  1.2
Summonings     | 1 |  1.2
Translocations | 1 |  1.2
Transmutations | 1 |  1.2
Fire Magic     | 1 |  1.2
Ice Magic      | 1 |  1.2
Air Magic      | 1 |  1.2
Earth Magic    | 1 |  1.2
Poison Magic   | 1 |  1.2
Invocations    | 1 |  1.7
Evocations     | 1 |  1.5
Dodging        | |  4.8
Stealth        | |  4.4
Necromancy     | |  7.2

Action                   |  1- 3 |  4- 6 || total
-------------------------+-------+-------++-------
Melee: Club              |     3 |       ||     3
       Long sword        |       |    20 ||    20
       Short sword       |       |     7 ||     7
       Bite              |       |     3 ||     3
 Cast: Pain              |    38 |     1 ||    39
       Regeneration      |     1 |     3 ||     4
       Vampiric Draining |       |     1 ||     1
  Use: Scroll            |       |     3 ||     3
Armor: Robe              |     1 |     7 ||     8
Dodge: Dodged            |    10 |    26 ||    36
Block: Buckler           |     1 |    10 ||    11
       Rpst.: Long sword |       |     6 ||     6

Table legend:
 A = Turns spent in this place as a percentage of turns spent in the entire game.
 B = Non-inter-level travel turns spent in this place as a percentage of non-inter-level travel turns spent in the entire game.
 C = Inter-level travel turns spent in this place as a percentage of turns spent in this place.
 D = Turns resting spent in this place as a percentage of non-inter-level travel turns spent in this place.
 E = Turns spent auto-exploring this place as a percentage of non-inter-level travel turns spent in this place.
 F = Non-inter-level travel turns spent in this place divided by the number of levels of this place that you've seen.
                   A       B       C       D       E      F
               +-------+-------+-------+-------+-------+----------------------
         Total | 100.0 | 100.0 |   1.4 |   0.0 |   0.0 |  78.4
       Dungeon |  95.3 |  96.7 |   0.0 |   0.0 |   0.0 |  86.6
        Temple |   4.7 |   3.3 |  30.0 |   0.0 |   0.0 |  21.0
               +-------+-------+-------+-------+-------+----------------------

Table legend:
 A = Kills in this place as a percentage of kills in entire the game.
 B = Kills by you in this place as a percentage of kills by you in the entire game.
 C = Kills by friends in this place as a percentage of kills by friends in the entire game.
 D = Other kills in this place as a percentage of other kills in the entire game.
 E = Experience gained in this place as a percentage of experience gained in the entire game.
 F = Experience gained in this place divided by the number of levels of this place that you have seen.
                   A       B       C       D       E      F
               +-------+-------+-------+-------+-------+----------------------
         Total | 100.0 | 100.0 |   N/A |   N/A | 100.0 |  34.0
       Dungeon | 100.0 | 100.0 |   N/A |   N/A | 100.0 |  38.9
               +-------+-------+-------+-------+-------+----------------------

Vault maps used:
D:1:      roderic_crossed_star
D:2:      lemuel_coloured_pillars_altar, overflow_temple_1_default,
          first_ration, tso_metal_star, uniq_robin
D:3:      minmay_misc_feat_x
D:4:      minmay_opposing_rooms, minmay_temple_entry_poolview
D:5:      serial_shops, shop, uniq_eustachio, uniq_blork_the_orc, uniq_menkaure,
          uniq_duvessa
D:6:      okawaru_metal_pillars_3, grunt_ministairs_15
D:7:      grunt_temple_overflow_growth_and_decay
Temple:   eino_temple_rhombus
